 Dungeon Crawl Stone Soup version 0.31-a0-1178-gc5c9b8f871 (webtiles) character file.

Game seed: 5502562259913896613

262 qw the Shooter (level 6, -4/39 HPs)
             Began as a Gargoyle Hunter on Dec 11, 2023.
             Killed from afar by Dowan (8 damage)
             ... with a shard of ice
             ... on level 4 of the Dungeon.
             The game lasted 00:00:50 (2275 turns).

qw the Shooter (Gargoyle Hunter)                    Turns: 2275, Time: 00:00:50

Health: -4/39      AC: 11    Str: 14    XL:     6   Next: 18%
Magic:  6/6        EV: 10    Int: 10    God:
Gold:   126        SH:  0    Dex: 15    Spells: 5/5 levels left

rFire   . . .        c - +0 arbalest (heavy)
rCold   . . .        (shield currently unavailable)
rNeg    + . .        i - +0 ring mail
rPois   inf          (no helmet)
rElec   +            h - +1 cloak
rCorr   .            (no gloves)
SInv    .            (no boots)
Will    .....        (no amulet)
Stlth   +            (no ring)
HPRegen 0.26/turn    (no ring)
MPRegen 0.10/turn

%: no passive effects
@: no status effects
A: sickness immunity, AC +4, negative energy resistance 1, electricity
resistance, torment resistance 1, petrification resistance
a: no special abilities


You were on level 4 of the Dungeon.
You visited 1 branch of the dungeon, and saw 4 of its levels.

You collected 126 gold pieces.


Innate Abilities, Weirdness & Mutations

You are immune to sickness and miasma.
Your stone body is resilient. (AC +4)
You are immune to poison.
You resist negative energy. (rN+)
You are resistant to electric shocks. (rElec)
You are resistant to unholy torment.
You are immune to petrification.


   Skills:
 - Level 4.6 Fighting
 + Level 6.0 Ranged Weapons
 - Level 1.1 Armour
 - Level 1.5 Dodging
 - Level 1.1 Stealth


You had 5 spell levels left.
You didn't know any spells.
Your spell library was empty.

Inventory:

Hand Weapons
 c - a +0 heavy arbalest (weapon)
Armour
 h - a +1 cloak (worn)
 i - a +0 ring mail (worn)
Scrolls
 a - a scroll of fear {unknown}
Potions
 d - a potion of heal wounds
 e - 2 potions of curing
 g - 2 potions of enlightenment

Dungeon Overview and Level Annotations

Branches:
Dungeon (4/15)
 Temple: D:4-7

Altars:

Annotations:
D:4 Dowan


Message History

You shoot a bolt. The bolt hits Duvessa!!
You kill Duvessa!
You hear a distant wail of despair.
The orc barely misses you. The orc closely misses you.
The orc hits you with a +0 falchion.
Your Fighting skill increases to level 4!
You have reached level 6!
You shoot a bolt. The bolt hits the orc!!!
You kill the orc!
You start resting.
A ball python comes into view.
You shoot a bolt. The ball python hisses angrily.
The bolt hits the ball python.
You kill the ball python!
You start resting.
Dowan is nearby!
2267 ||| FLEEEEING.
2268 ||| STILL FLEEEEING.
2269 ||| STILL FLEEEEING.
2270 ||| STILL FLEEEEING.
2271 ||| STILL FLEEEEING.
2272 ||| FLEEEEING.
Dowan seems to find hidden reserves of power!
You shoot a bolt. The bolt hits Dowan.
Dowan is lightly wounded.
Dowan gestures at you while chanting. The shard of ice misses you.
Dowan casts a spell at you.
The stone arrow hits you but does no damage.
You shoot a bolt. The bolt barely misses Dowan.
Dowan points at you and mumbles some strange words.
The stone arrow hits you!
You shoot a bolt. The bolt closely misses Dowan.
Dowan hits you with a +0 dagger.
Dowan points at you and mumbles some strange words.
The stone arrow hits you! Dowan gestures at you while chanting.
The shard of ice hits you!
You die...

######### #.......#
#.#####.# #.# #.# ####
#.#####.# ..# #.##....#
#.# #.##.#..#
#.#####....#..####
########@....######.<....
#).....e..#.......#.####.
#)#######.#######.#.# #.
#... #...# .. ##### #####
... e... ..... ..#+##


You could see Dowan (fast).

Vanquished Creatures
  Duvessa (D:4)
  An orc priest (D:4)
  5 adders
  2 worms
  A dart slug (D:2)
  12 orcs
  2 ball pythons
  6 endoplasms
  3 giant cockroaches
  6 goblins
  7 hobgoblins
  5 kobolds
  3 quokkas
  4 bats
  2 frilled lizards (D:1)
  3 rats
63 creatures vanquished.

Notes
Turn   | Place    | Note
-------+----------+-------------------------------------------
     0 | D:1      | qw the Gargoyle Hunter began the quest for the Orb.
     0 | D:1      | Reached XP level 1. HP: 12/12 MP: 1/1
     0 | D:1      | 0 ||| qw: Version: 0.3-a-106-g2cfff9e
     0 | D:1      | 0 ||| qw: Game counter: 1967
     0 | D:1      | 0 ||| qw: Melee chars always use a shield: true
     0 | D:1      | 0 ||| qw: God list: Okawaru
     0 | D:1      | 0 ||| qw: Allow faded altars: false
     0 | D:1      | 0 ||| qw: Do Orc after clearing Dungeon:15 true
     0 | D:1      | 0 ||| qw: Do second Lair branch before Depths: true
     0 | D:1      | 0 ||| qw: Lair rune preference: random
     0 | D:1      | 0 ||| qw: Goals: Normal, Save, Zot:1-4, Win
     0 | D:1      | 0 ||| PLANNING D:1-11
   129 | D:1      | Reached XP level 2. HP: 17/17 MP: 2/2
   363 | D:1      | Found a faded altar of an unknown god.
   545 | D:1      | 545 ||| UPGRADING to +0 ring mail.
   555 | D:1      | 555 ||| DROPPING +0 leather armour.
   556 | D:1      | 556 ||| READING scroll labelled VOMUIH XUCATI.
   556 | D:1      | 556 ||| ENCHANTING +0 shortbow.
   557 | D:1      | 557 ||| READING scroll labelled BATWELONAY.
   558 | D:1      | 558 ||| READING scroll labelled XUAWKOJECK.
   561 | D:1      | 561 ||| READING scroll labelled YLERISE ASMO.
   561 | D:1      | 561 ||| BRANDING +1 shortbow.
   562 | D:1      | 562 ||| DROPPING scroll of butterflies.
   579 | D:2      | 579 ||| STAIRDANCE
   593 | D:2      | Reached skill level 1 in Armour
   598 | D:2      | Reached XP level 3. HP: 21/21 MP: 3/3
   733 | D:2      | 733 ||| SWAPPING to +0 arbalest.
   734 | D:2      | 734 ||| DROPPING +1 heavy shortbow.
   766 | D:2      | Reached skill level 5 in Ranged Weapons
  1019 | D:2      | 1019 ||| READING scroll of brand weapon.
  1019 | D:2      | 1019 ||| BRANDING +0 arbalest.
  1030 | D:2      | Reached XP level 4. HP: 27/27 MP: 4/4
  1252 | D:2      | 1252 ||| READING scroll labelled WUFRATO VAOGO.
  1253 | D:2      | 1253 ||| READING scroll labelled HERESO YLUIHO.
  1253 | D:2      | 1253 ||| IDENTIFYING lumpy black potion
  1254 | D:2      | 1254 ||| DRINKING 2 white potions.
  1428 | D:3      | Reached skill level 3 in Fighting
  1530 | D:3      | Identified the +12 dagger "Ciol" {vamp, rPois MP+9}
  1978 | D:3      | Reached XP level 5. HP: 31/32 MP: 5/5
  2144 | D:3      | 2144 ||| UPGRADING to +0 cloak.
  2149 | D:3      | 2149 ||| READING 4 scrolls of identify.
  2149 | D:3      | 2149 ||| IDENTIFYING 2 viscous amethyst potions
  2150 | D:3      | 2150 ||| READING 3 scrolls of identify.
  2150 | D:3      | 2150 ||| IDENTIFYING 2 fuming blue potions
  2151 | D:3      | 2151 ||| READING 2 scrolls of identify.
  2151 | D:3      | 2151 ||| IDENTIFYING scroll labelled JOAZAO ZOGOKK
  2152 | D:3      | 2152 ||| READING scroll of enchant armour.
  2152 | D:3      | 2152 ||| ENCHANTING +0 cloak.
  2153 | D:3      | 2153 ||| READING scroll of identify.
  2153 | D:3      | 2153 ||| IDENTIFYING scroll labelled UREP MIHUNGOH
  2154 | D:3      | 2154 ||| DROPPING 2 potions of brilliance.
  2155 | D:3      | 2155 ||| DROPPING scroll of poison.
  2229 | D:4      | Noticed Dowan
  2230 | D:4      | Reached skill level 6 in Ranged Weapons
  2230 | D:4      | Noticed Duvessa
  2238 | D:4      | Killed Duvessa
  2239 | D:4      | Reached XP level 6. HP: 19/39 MP: 6/6
  2267 | D:4      | 2267 ||| FLEEEEING.
  2272 | D:4      | 2272 ||| FLEEEEING.
  2275 | D:4      | HP: 4/39 [Dowan/stone arrow (9)]
  2275 | D:4      | Killed from afar by Dowan

Levels and vault maps discovered:
D:1:      psy_arrival_statuary, layout_loops_ring,
          hellmonk_ecumenical_altar_run_dry, item_on_display_a
D:2:      layout_loops_cross
D:3:      corexii_shack_village, layout_basic, serial_bayou_pond_c
D:4:      layout_basic, led_xom_imps, kennysheep_potato, uniq_sigmund,
          uniq_duvessa

Skill      XL: |  1  2  3  4  5 |
---------------+----------------+-----
Armour         | 1 |  1.1
Ranged Weapons | 5 6 |  6.0
Fighting       | 3 4 |  4.6
Dodging        | |  1.5
Stealth        | |  1.1

Action                     |  1- 3 |  4- 6 || total
---------------------------+-------+-------++-------
   Fire: Shortbow          |    55 |       ||    55
         Arbalest          |    32 |    88 ||   120
    Use: Scroll            |     5 |     7 ||    12
         Potion            |       |     1 ||     1
 Armour: Leather armour    |     2 |       ||     2
         Ring mail         |    36 |   106 ||   142
  Dodge: Dodged            |    49 |    79 ||   128

Table legend:
 A = Non-vault XP
 B = Vault XP
 C = Vault XP percentage of total XP
 D = Non-vault monster count
 E = Vault monster count
 F = Vault count percentage of total count
                 A         B        C        D         E       F
            +---------+---------+-------+---------+---------+-------
      Total |     208 |     167 |  44.5 |      54 |       9 |  14.3
            +---------+---------+-------+---------+---------+-------
        D:1 |      24 |       0 |   0.0 |      15 |       0 |   0.0
        D:2 |      62 |       0 |   0.0 |      18 |       0 |   0.0
        D:3 |      67 |      18 |  21.2 |      14 |       8 |  36.4
        D:4 |      55 |     149 |  73.0 |       7 |       1 |  12.5
            +---------+---------+-------+---------+---------+-------
